 Dungeon Crawl Stone Soup version 0.31.0 (webtiles) character file.

Game seed: 1861324923637569694

37 qw the Shooter (level 3, -5/22 HPs)
             Began as a Gargoyle Hunter on Jan 19, 2024.
             Slain by Sigmund
             ... wielding a +0 scythe
              (6 damage)
             ... on level 2 of the Dungeon.
             The game lasted 00:00:03 (649 turns).

qw the Shooter (Gargoyle Hunter)                     Turns: 649, Time: 00:00:03

Health: -5/22      AC:  6    Str: 14    XL:     3   Next: 41%
Magic:  3/3        EV: 11    Int:  9    God:
Gold:   41         SH:  0    Dex: 15    Spells: 2/2 levels left

rFire   . . .        a - +0 shortbow
rCold   . . .        (shield currently unavailable)
rNeg    + . .        c - +0 leather armour
rPois   inf          (no helmet)
rElec   +            (no cloak)
rCorr   .            (no gloves)
SInv    .            (no boots)
Will    .....        (no amulet)
Stlth   +            (no ring)
HPRegen 0.23/turn    (no ring)
MPRegen 0.08/turn

%: no passive effects
@: confused, hasted, very quick
A: sickness immunity, AC +3, negative energy resistance 1, electricity
resistance, torment resistance 1, petrification resistance
a: no special abilities


You were on level 2 of the Dungeon.
You visited 1 branch of the dungeon, and saw 2 of its levels.

You collected 41 gold pieces.


Innate Abilities, Weirdness & Mutations

You are immune to sickness and miasma.
Your stone body is resilient. (AC +3)
You are immune to poison.
You resist negative energy. (rN+)
You are resistant to electric shocks. (rElec)
You are resistant to unholy torment.
You are immune to petrification.


   Skills:
 + Level 2.4 Fighting
 - Level 5.0 Ranged Weapons
 - Level 1.5 Dodging
 - Level 1.1 Stealth


You had 2 spell levels left.
You didn't know any spells.
Your spell library was empty.

Inventory:

Hand Weapons
 a - a +0 shortbow (weapon)
Armour
 c - a +0 leather armour (worn)

Dungeon Overview and Level Annotations

Branches:
Dungeon (2/15)

Altars:

Annotations:
D:2 Sigmund


Message History

Sigmund hits you but does no damage. The giant cockroach misses you.
The giant cockroach misses you.
A kobold comes into view. It is wielding a +0 whip.
Sigmund barely misses you.
The kobold shouts!
The giant cockroach barely misses you.
Sigmund hits you from afar with a +0 scythe.
The giant cockroach barely misses you.
The giant cockroach completely misses you.
Sigmund hits you from afar with a +0 scythe.
The giant cockroach bites you.
The giant cockroach waves its antennae.
The giant cockroach closely misses you. Sigmund gestures at you while chanting.
You are more confused.
The giant cockroach bites you.
Sigmund hits you from afar with a +0 scythe!
The giant cockroach bites you but does no damage.
The kobold closely misses you.
The giant cockroach bites you but does no damage.
The kobold barely misses you. Sigmund barely misses you.
The giant cockroach closely misses you. The kobold hits you with a +0 whip.
Sigmund hits you from afar with a +0 scythe.
The giant cockroach bites you but does no damage.
The kobold barely misses you. The giant cockroach bites you.
The giant cockroach waves its antennae.
The giant cockroach bites you but does no damage.
The kobold hits you but does no damage.
Sigmund hits you from afar with a +0 scythe.
The giant cockroach closely misses you. The kobold closely misses you.
Sigmund gestures wildly while chanting.
Sigmund flickers and vanishes!
Deactivating autopickup; reactivate with Ctrl-A.
The giant cockroach misses you. The kobold hits you but does no damage.
The giant cockroach closely misses you. Something hits you.
You die...

...... ......#
.##.....##
.........#
.........#
.........#########
.#........<......#
......B..........#
##.{K@).>......#
#.............#
#....##########
#......# .....#..#
........#
.........
......#.#


You could see a giant cockroach and a kobold.

Vanquished Creatures
  An adder (D:1)
  2 ball pythons (D:1)
  5 endoplasms (D:1)
  2 giant cockroaches (D:1)
  2 hobgoblins (D:1)
  2 bats (D:1)
  2 frilled lizards
  4 goblins
  3 kobolds (D:1)
  3 rats (D:1)
26 creatures vanquished.

Notes
Turn   | Place    | Note
-------+----------+-------------------------------------------
     0 | D:1      | qw the Gargoyle Hunter began the quest for the Orb.
     0 | D:1      | Reached XP level 1. HP: 12/12 MP: 1/1
     0 | D:1      | 0 ||| qw: Version: 0.3-a-132-g3d54051
     0 | D:1      | 0 ||| qw: Game counter: 209
     0 | D:1      | 0 ||| qw: Melee chars always use a shield: true
     0 | D:1      | 0 ||| qw: God list: Okawaru
     0 | D:1      | 0 ||| qw: Allow faded altars: false
     0 | D:1      | 0 ||| qw: Do Orc after clearing Dungeon:15 true
     0 | D:1      | 0 ||| qw: Do second Lair branch before Depths: true
     0 | D:1      | 0 ||| qw: Lair rune preference: random
     0 | D:1      | 0 ||| qw: Goals: Normal
     0 | D:1      | 0 ||| PLANNING D:1-11
    63 | D:1      | HP: 3/12 [goblin/+0 club (3)]
    64 | D:1      | Reached XP level 2. HP: 5/17 MP: 2/2
   430 | D:1      | 430 ||| READING scroll labelled URAXKE JEQO.
   430 | D:1      | 430 ||| ENCHANTING +0 shortbow.
   431 | D:1      | 431 ||| READING scroll labelled QITECZANIE.
   432 | D:1      | 432 ||| DROPPING scroll of butterflies.
   466 | D:2      | 466 ||| STAIRDANCE
   475 | D:1      | Reached skill level 5 in Ranged Weapons
   475 | D:1      | Reached XP level 3. HP: 17/21 MP: 3/3
   496 | D:2      | 496 ||| STAIRDANCE
   521 | D:2      | 521 ||| STAIRDANCE
   524 | D:1      | HP: 4/21 [frozen (5)]
   601 | D:2      | 601 ||| STAIRDANCE
   618 | D:2      | Noticed Sigmund
   624 | D:2      | 624 ||| DRINKING bubbling orange potion.
   642 | D:2      | HP: 3/22 [kobold/+0 whip (3)]
   645 | D:2      | HP: 1/22 [Sigmund/+0 scythe (1)]
   649 | D:2      | Slain by Sigmund

Levels and vault maps discovered:
D:1:      pf_arrival_petrified_forest, layout_rooms, kennysheep_nondescript
D:2:      layout_rooms, basic_altar, uniq_sigmund

Skill      XL: |  1  2 |
---------------+-------+-----
Ranged Weapons | 5 |  5.0
Fighting       | |  2.4
Dodging        | |  1.5
Stealth        | |  1.1

Action                     || total
---------------------------++-------
   Fire: Shortbow          ||    72
    Use: Scroll            ||     2
         Potion            ||     1
 Armour: Leather armour    ||    54
  Dodge: Dodged            ||    46

Table legend:
 A = Non-vault XP
 B = Vault XP
 C = Vault XP percentage of total XP
 D = Non-vault monster count
 E = Vault monster count
 F = Vault count percentage of total count
                 A         B        C        D         E       F
            +---------+---------+-------+---------+---------+-------
      Total |      54 |       0 |   0.0 |      26 |       0 |   0.0
            +---------+---------+-------+---------+---------+-------
        D:1 |      51 |       0 |   0.0 |      24 |       0 |   0.0
        D:2 |       3 |       0 |   0.0 |       2 |       0 |   0.0
            +---------+---------+-------+---------+---------+-------
